 Dungeon Crawl Stone Soup version 0.14-a0-1444-g21dc12d (webtiles) character file.

76820 Psiweapon the Pacifier (level 15, -16/146 HPs)
             Began as a Deep Dwarf Healer on Dec 9, 2013.
             Was a Priest of Elyvilon.
             Demolished by an enormous slime creature (49 damage)
             ... on Level 14 of the Dungeon on Dec 13, 2013.
             The game lasted 06:22:13 (34039 turns).

Psiweapon the Pacifier (Deep Dwarf Healer)         Turns: 34039, Time: 06:22:13

HP -16/146       AC 26     Str 23      XL: 15   Next:  7%
MP  28/28        EV  1     Int 18      God: Elyvilon [***...]
Gold 2088        SH 25     Dex 14      Spells:  4 memorised,  4 levels left

rFire  + . .     SeeInvis +     Q - +7 short sword (protect)
rCold  + . .     Clarity  +     z - +0 gold dragon armour
rNeg   + . .     Conserve .     T - +2 shield
rPois  +         rCorr    .     B - +1 cap
rElec  .         rRot     .     U - +0 cloak
SustAb . .       Spirit   .     J - -1 pair of gloves {Str+3}
rMut   .         Warding  .     (no boots)
Saprov . . .     Stasis   .     x - amulet of clarity
                                O - ring "Jeosm" {rPois Dex+2 Int+3}
                                P - ring of see invisible

@: non-regenerating, very resistant to hostile enchantments, extremely
unstealthy
A: damage resistance, recharge devices, antennae 1, life protection 1, sense
surroundings 2, slow healing 3
a: Device Recharging, Lesser Healing, Lesser Self-Healing, Divine Protection,
Purification, Greater Healing, Greater Self-Healing, Renounce Religion


You were on level 14 of the Dungeon.
You worshipped Elyvilon.
Elyvilon was most pleased with you.
You were not hungry.

You visited 4 branches of the dungeon, and saw 30 of its levels.
You also visited: Labyrinth and Bailey.

You collected 3214 gold pieces.
You spent 1126 gold pieces at shops.

Inventory:

Hand weapons
 h - a +2,+2 dwarven dagger of venom
 p - a +5,+5 sling of velocity
 I - a +3,+1 scimitar of flaming
 K - a +4,+2 trident
 Q - a +7,+7 short sword of protection (weapon)
 V - the +8,+10 great mace of Excruciating Pain {crush, rC- Dex+2 Stlth++, unknown}
   (You found it in a bailey)

   It inflicts extra damage upon your enemies.
   It affects your dexterity (+2).
   It makes you vulnerable to cold.
   It makes you much more stealthy.
Missiles
 g - a javelin
 l - 25 sling bullets
 S - 77 stones (quivered)
Armour
 z - a +0 gold dragon armour (worn)
 B - a +1 cap (worn)
 J - a -1 pair of gloves of strength (worn)
 T - a +2 shield (worn)
 U - a +0 cloak (worn)
Magical devices
 d - a wand of heal wounds (3)
 i - a wand of invisibility (3)
 o - a wand of paralysis (7)
 F - a wand of slowing (15)
 M - a wand of teleportation (2)
 W - a wand of confusion (10)
 Z - a wand of cold (3)
Comestibles
 f - 2 bread rations
Scrolls
 j - 2 scrolls of blinking
 q - 2 scrolls of vulnerability
 r - 6 scrolls of remove curse
 t - 2 scrolls of recharging
 u - 5 scrolls of teleportation
 v - a scroll of fear
 L - 4 scrolls of immolation
 X - 3 scrolls of fog
Jewellery
 x - an amulet of clarity (around neck)
 y - an uncursed ring of positive energy
 D - a cursed ring of teleportation
 O - the ring "Jeosm" (right hand) {rPois Dex+2 Int+3}
   (You found it on level 11 of the Dungeon)

   [ring of poison resistance]

   It affects your intelligence (+3).
   It affects your dexterity (+2).
 P - a ring of see invisible (left hand)
 R - an uncursed ring of fire
 Y - an uncursed ring of ice
Potions
 b - 8 potions of curing
 c - 4 potions of heal wounds
 k - 3 potions of restore abilities
 m - 2 potions of speed
 A - 4 potions of agility
 E - 2 potions of might
 G - 2 potions of flight
Miscellaneous
 a - a phial of floods
 e - a phial of floods
 n - a plain deck of changes {the Shadow}
 H - a lamp of fire (inert)
 N - a stone of tremors
Rods
 w - a +9 rod of destruction (9/15)
   (You acquired it on level 12 of the Dungeon)


   Skills:
 + Level 12.6 Fighting
 + Level 7.9 Short Blades
 - Level 5.8 Maces & Flails
 - Level 6.5 Slings
   Level 2.9 Crossbows
 + Level 11.3 Armour
 - Level 3.0 Dodging
 - Level 7.6 Shields
 - Level 1.0 Spellcasting
 - Level 3.1 Earth Magic
 + Level 16.8 Invocations
 + Level 10.0 Evocations


You had 4 spell levels left.
You knew the following spells:

 Your Spells              Type           Power        Failure   Level  Hunger
a - Blink                 Tloc           N/A          100%        2    ###....
b - Lee's Rapid Deconstr  Erth           ##........   100%        5    ######.
c - Petrify               Trmt/Erth      #.......     100%        4    #####..
d - Sandblast             Erth           ##....       100%        1    ##.....


Dungeon Overview and Level Annotations

Branches:
Dungeon (14/16)            Temple (0/1) D:7             Orc (4/4) D:9
    Elf (0/3) Orc:3          Lair (8/8) D:10         Shoals (0/5) Lair:6
  Snake (4/5) Lair:6        Slime (0/6) Lair:6       Vaults (0/5) D:14

Altars:
Cheibriados
Makhleb
Sif Muna
Trog
Vehumet
Xom
Zin
Beogh
Jiyva

Shops:
D:4 ([=*+   D:8 (   D:11 }   Orc:1 **   Orc:4 [+**(   Snake:3 [

Annotations:
D:8 exclusion: door
Lair:3 exclusion: oklob plant
Snake:1 1 exclusion
Snake:2 2 exclusions
Snake:3 Mara
Snake:4 Saint Roka


Innate Abilities, Weirdness & Mutations

You are resistant to damage.
You can recharge devices by infusing magical energy.
You resist negative energy.
You passively map the area around you.
You do not heal naturally.
You have a pair of small antennae on your head.


Message History

You feel much better.
This wand has 3 charges left.
Wield which item (- for none, * to show all)? (? for menu, Esc to quit)
You feel protected!
Q - a +7,+7 short sword of protection (weapon)
You block the enormous slime creature's attack.
You slash the enormous slime creature!
The enormous slime creature is severely wounded.
You hit the enormous slime creature.
The enormous slime creature is severely wounded.
You block the enormous slime creature's attack.
You puncture the enormous slime creature!
The enormous slime creature is severely wounded.
You block the enormous slime creature's attack.
You slash the enormous slime creature!
The enormous slime creature is severely wounded.
You block the enormous slime creature's attack.
You hit the enormous slime creature.
The enormous slime creature is severely wounded.
The enormous slime creature hits you!
You die...

#.# #.##.....#.....#.....#.#
#.####.##.....#.....'.....#.#
.)##....(.....#..⌠..'..⌠..#.#
..##..........#.....'.....#.#
..##..<..##[#.#...).#...!.#.#
, #.....##.#.#############.#
*#.....##.#............)..# *
#.....##.####J############ ,
#.....##.# #@# ########.# #.#
* #.# #.# * * #.# #.# * * *
#.# #.# * , ,...* #.# , ...*
#.# , , #.# , * * * #.#


You could see an enormous slime creature.

Vanquished Creatures
  An orc warlord (Orc:2)
  Fannar (Snake:1)
  Josephine (D:14)
  A ravenous feature mimic (Lair:6)
  Erica (Snake:1)
  An ogre mage (Orc:3)
  3 anacondas
  6 naga warriors
  Erolcha (D:8)
  3 hill giants
  A deep troll (Orc:3)
  A cyclops (D:11)
  The ghost of Torious the Summoner, an experienced DESu of Sif Muna (D:8)
  2 orc knights (Bailey)
  An elephant (Lair:8)
  Maurice (D:12)
  A guardian serpent (Snake:3)
  9 black mambas
  3 feature mimics
  3 naga magi
  3 trolls
  6 giant fireflies (Lair:8)
  5 spriggans (Lair:8)
  3 komodo dragons
  A hydra zombie (D:14)
  Sonja (Orc:4)
  A wind drake (shapeshifter) (D:13)
  10 slime creatures
  A hydra skeleton (D:14)
  3 blink frogs
  A wraith (D:14)
  6 humans
  10 vampire mosquitoes
  2 elephant slugs
  7 yaks
  A hungry ghost (D:12)
  Grum (D:11)
  The ghost of Psiweapon the Grave Robber, an average DDNe (D:3)
  8 wolves
  A hippogriff (D:13)
  A steam dragon (D:10)
  2 ice beasts
  4 porcupines
  A yellow wasp (D:11)
  A sky beast (D:13)
  7 nagas
  12 ogres
  5 centaurs
  14 orc warriors
  A hill giant simulacrum (D:14)
  3 crocodiles
  A phantom (D:9)
  Duvessa (D:4)
  2 wargs
  4 giant slugs
  8 giant frogs
  9 water moccasins
  A cyclops zombie (D:14)
  4 agate snails
  2 cyclops skeletons (D:13)
  2 troll zombies (D:9)
  5 jellyfish
  A hippogriff skeleton (D:13)
  5 wights
  Dowan (D:4)
  3 crimson imps (D:5)
  A quasit (D:5)
  A boring beetle zombie (D:14)
  A centaur zombie (D:8)
  A giant frog zombie (D:5)
  A goliath beetle (D:11)
  3 jellies
  7 orc priests
  A yaktaur simulacrum (D:14)
  9 orc wizards
  2 scorpions
  13 worker ants
  4 iguanas
  9 sheep
  Ijyb (D:2)
  3 ogre zombies (D:9)
  A mottled dragon zombie (D:14)
  A hound zombie (D:10)
  A hound skeleton (D:9)
  3 gnolls
  11 adders
  4 giant centipedes
  12 green rats
  5 giant mites
  4 worms
  An iguana zombie (D:5)
  An iguana skeleton (D:5)
  4 giant geckos
  54 orcs
  A ball python (D:6)
  7 bats
  2 bat skeletons
  10 goblins
  8 hobgoblins
  5 kobolds
  7 quokkas
  8 giant cockroaches
  A giant newt (D:4)
  5 giant spores
  2 goblin skeletons
  A goblin zombie (D:9)
  2 hobgoblin skeletons (D:9)
  3 hobgoblin zombies
  8 jackals
  13 orc zombies (D:9)
  15 rats
  10 ballistomycetes
  A fungus (Lair:8)
482 creatures vanquished.

Vanquished Creatures (collateral kills)
  Lamia (Snake:2)
  2 vault guards (D:14)
  Joseph (D:10)
  A human (D:14)
5 creatures vanquished.

Vanquished Creatures (others)
  Harold (D:14)
  2 naga warriors
  A death yak (Lair:7)
  An elephant (Lair:7)
  2 black mambas
  2 guardian serpents
  A giant firefly (Lair:8)
  A naga mage (Snake:3)
  5 spriggans (Lair:8)
  A fire elemental (Snake:2)
  A troll (D:14)
  7 grizzly bears (Lair:8)
  3 two-headed ogres (Orc:4)
  A shark (Lair:6)
  An ugly thing (D:9)
  A wyvern (D:14)
  12 yaks
  A human (D:14)
  11 wolves (Lair:8)
  A porcupine (Lair:6)
  A black bear (Lair:8)
  A yellow wasp (Lair:8)
  8 nagas
  3 orc warriors
  A centaur (D:5)
  5 ogres (Orc:4)
  An earth elemental (Snake:2)
  2 giant slugs
  A warg (Orc:2)
  4 water moccasins
  A jellyfish (Lair:4)
  A crimson imp (D:13)
  2 scorpions (D:8)
  4 orc wizards
  4 sheep
  An ogre zombie (D:9)
  A worker ant (D:4)
  4 adders
  13 green rats
  2 giant mites
  A giant gecko (D:8)
  An ooze (D:3)
  31 orcs
  A goblin (D:1)
  3 hobgoblins
  2 jackals (D:1)
  2 quokkas
  2 giant spores (D:8)
  2 kobolds (D:5)
  A rat (Lair:1)
  4 fungi
  4 plants (Lair:4)
170 creatures vanquished.

Grand Total: 657 creatures vanquished

Notes
Turn   | Place    | Note
--------------------------------------------------------------
     0 | D:1      | Psiweapon, the Deep Dwarf Healer, began the quest for the Orb.
     0 | D:1      | Reached XP level 1. HP: 16/16 MP: 2/2
   139 | D:1      | Reached skill level 1 in Fighting
   347 | D:1      | Reached skill level 4 in Invocations
   416 | D:1      | Reached XP level 2. HP: 25/25 MP: 0/4
  1093 | D:2      | Noticed Ijyb
  1114 | D:2      | Killed Ijyb
  1114 | D:2      | Reached XP level 3. HP: 22/32 MP: 2/5
  1195 | D:2      | Found a glowing silver altar of Zin.
  1615 | D:2      | Found a deep blue altar of Sif Muna.
  1667 | D:2      | Reached XP level 4. HP: 29/39 MP: 5/7
  1928 | D:3      | Noticed Psiweapon's ghost (average DDNe)
  1967 | D:3      | Killed Psiweapon's ghost
  1967 | D:3      | Reached skill level 5 in Invocations
  1967 | D:3      | Reached XP level 5. HP: 33/49 MP: 5/10
  2587 | D:3      | Reached XP level 6. HP: 44/56 MP: 4/12
  3083 | D:4      | Found Ysut's Antique Weapon Shoppe.
  3088 | D:4      | Bought a glowing hand axe for 64 gold pieces
  3196 | D:4      | Found a radiant altar of Vehumet.
  3209 | D:4      | Found Mnaut's Armour Shop.
  3228 | D:4      | Bought a +0 pair of gloves of strength for 67 gold pieces
  3242 | D:4      | Found Prehuph's Jewellery Shoppe.
  3319 | D:4      | Noticed an ogre
  3330 | D:4      | Killed an ogre
  3330 | D:4      | Reached skill level 1 in Slings
  3330 | D:4      | Reached skill level 6 in Invocations
  3499 | D:4      | Found Schal's Book Boutique.
  3567 | D:4      | Found Golitidd's Assorted Antiques.
  3598 | D:4      | Reached XP level 7. HP: 39/63 MP: 15/15
  3814 | D:4      | Noticed Duvessa
  3814 | D:4      | Noticed Dowan
  3845 | D:4      | Killed Duvessa
  3851 | D:4      | Killed Dowan
  4085 | D:5      | Entered Level 5 of the Dungeon
  4085 | D:5      | Found a snail-covered altar of Cheibriados.
  4327 | D:5      | Reached skill level 7 in Invocations
  4576 | D:5      | Reached XP level 8. HP: 47/73 MP: 18/18
  5164 | D:6      | Reached skill level 5 in Armour
  5414 | D:6      | Reached skill level 5 in Fighting
  5456 | D:6      | Reached skill level 8 in Invocations
  6024 | D:7      | Found a staircase to the Ecumenical Temple.
  6647 | D:8      | Found Toagh's Antique Weapon Emporium.
  6649 | D:8      | Noticed Erolcha
  6667 | D:8      | Killed Erolcha
  6667 | D:8      | Reached skill level 5 in Slings
  6667 | D:8      | Reached skill level 9 in Invocations
  6667 | D:8      | Gained mutation: You passively map the area around you. [level up]
  6667 | D:8      | Reached XP level 9. HP: 48/82 MP: 19/21
  6751 | D:8      | Found a bloodstained altar of Trog.
  6753 | D:8      | Acquired Elyvilon's third power
  7017 | D:8      | Noticed a wandering mushroom
  7178 | D:8      | Noticed Torious' ghost (experienced DESu)
  7196 | D:8      | Killed Torious' ghost
  7199 | D:8      | Noticed a wandering mushroom
  7215 | D:8      | Noticed a wandering mushroom
  7339 | D:8      | Noticed a wandering mushroom
  7612 | D:9      | Reached skill level 10 in Invocations
  7645 | D:9      | Reached skill level 1 in Maces & Flails
  7942 | D:9      | Reached XP level 10. HP: 83/92 MP: 19/22
  7972 | D:9      | Found a staircase to the Orcish Mines.
  8688 | D:10     | Entered Level 10 of the Dungeon
  8769 | D:10     | Noticed Joseph
  8782 | D:10     | Killed Joseph
  9235 | D:10     | Found a staircase to the Lair.
  9239 | D:10     | Reached skill level 11 in Invocations
  9843 | Lair:1   | Entered Level 1 of the Lair of Beasts
  9991 | Lair:1   | Noticed a black mamba
  9992 | Lair:1   | Pacified a black mamba
 10506 | Lair:1   | Noticed a black mamba
 10511 | Lair:1   | Pacified a black mamba
 10776 | Lair:2   | Reached XP level 11. HP: 49/103 MP: 24/24
 11208 | Lair:2   | Reached skill level 12 in Invocations
 11229 | Lair:2   | Reached skill level 5 in Maces & Flails
 11591 | Lair:3   | Found a shimmering altar of Xom.
 11676 | Lair:3   | Found a labyrinth entrance.
 11703 | Lab      | Entered a labyrinth
 11850 | Lab      | Noticed a minotaur
 11858 | Lab      | Elyvilon protects you from harm!
 11859 | Lab      | Pacified a minotaur
 11866 | Lab      | Identified the Almanac of Shifting Clay
 11877 | Lab      | Identified Qirio's Almanac of the Traveller
 11892 | Lab      | Got a heavily runed leather armour
 11894 | Lab      | Identified the cursed -3 leather armour of Boredom {+Blink rN+ Str+2 Stlth+} (You found it in a labyrinth)
 12400 | Lair:3   | Identified a +0 rod of the swarm (11/11) (You found it on level 3 of the Lair of Beasts)
 13798 | Lair:4   | Reached skill level 1 in Short Blades
 13875 | Lair:5   | Acquired Elyvilon's fourth power
 13993 | Lair:5   | Noticed a six-headed hydra
 13994 | Lair:5   | Pacified a six-headed hydra
 14147 | Lair:5   | Reached skill level 10 in Armour
 14943 | Lair:5   | Reached skill level 13 in Invocations
 15115 | Lair:5   | Reached skill level 1 in Shields
 15572 | Lair:2   | Gained mutation: You evolve. [potion of mutation]
 15572 | Lair:2   | Gained mutation: Armour fits poorly on your strangely shaped body. [potion of mutation]
 15572 | Lair:2   | Gained mutation: You have a pair of small antennae on your head. [potion of mutation]
 16273 | Lair:1   | Reached XP level 12. HP: 69/115 MP: 25/27
 16606 | Lair:6   | Found a viscous altar of Jiyva.
 16606 | Lair:6   | Found a staircase to the Slime Pits.
 16688 | Lair:6   | Found a staircase to the Snake Pit.
 16779 | Lair:6   | Killed a ravenous door mimic
 16969 | Lair:6   | Upgraded the game from 0.14-a0-1388-g200237c to 0.14-a0-1403-g5d3c58f
 17019 | Lair:6   | Gained mutation: You are frail (-10% HP). [potion of mutation]
 17019 | Lair:6   | Gained mutation: You are covered in fur (AC +1). [potion of mutation]
 17154 | Lair:6   | Found a staircase to the Shoals.
 18064 | Lair:7   | Reached skill level 10 in Fighting
 18117 | Lair:7   | Gained mutation: You are partially covered in iridescent scales (AC +4). [evolution]
 18599 | Lair:8   | Entered Level 8 of the Lair of Beasts
 18761 | Lair:8   | Reached skill level 5 in Short Blades
 18784 | Lair:8   | Reached skill level 14 in Invocations
 18801 | Lair:8   | Reached skill level 5 in Shields
 18864 | Lair:8   | Noticed a spriggan rider
 18895 | Lair:8   | Killed a giant firefly
 18899 | Lair:8   | Killed a spriggan
 18944 | Lair:8   | Noticed a spriggan rider
 18969 | Lair:8   | Killed a spriggan
 18970 | Lair:8   | Killed a giant firefly
 19156 | Lair:8   | Noticed a spriggan rider
 19172 | Lair:8   | Killed a giant firefly
 19173 | Lair:8   | Killed a spriggan
 19309 | Lair:8   | Noticed a spriggan rider
 19326 | Lair:8   | Killed a spriggan
 19328 | Lair:8   | Killed a giant firefly
 19328 | Lair:8   | Reached XP level 13. HP: 74/111 MP: 29/29
 19757 | Lair:2   | TomPliss: you're a DD, right ?
 19757 | Lair:2   | TomPliss: Petrify, LRD, ... :D
 19757 | Lair:2   | Psiweapon: heheheh
 19757 | Lair:2   | Psiweapon: yes that's what I'm contemplating
 19757 | Lair:2   | TomPliss: and statue form, too :D
 19757 | Lair:2   | Psiweapon: yes...
 19757 | Lair:2   | TomPliss: (and dig for the utility)
 19757 | Lair:2   | Psiweapon: but all that means ditching the GDA
 19757 | Lair:2   | Psiweapon: I'm torn, really.
 19757 | Lair:2   | TomPliss: :/
 19757 | Lair:2   | TomPliss: well
 19757 | Lair:2   | Psiweapon: nah let's learn them
 19757 | Lair:2   | TomPliss: do you have any ranged options, for now ?
 19757 | Lair:2   | Psiweapon: if they don't turn very useful I can always go back to the GDA
 19757 | Lair:2   | Psiweapon: a sling and a crossbow lying around in the stash (not trained)
 19757 | Lair:2   | TomPliss: I mean, if you can find a good Xbow on a yaktaur, you don't neer conjurations
 19758 | Lair:2   | TomPliss: DD have +2 in crossbow, and they're really gamaging
 19758 | Lair:2   | TomPliss: *d
 19758 | Lair:2   | Psiweapon: EVERYTHING
 19758 | Lair:2   | Psiweapon: I'LL TRAIN UP EVERYTHING
 19758 | Lair:2   | TomPliss: or simply go with Evocations
 19760 | Lair:2   | TomPliss: grind Pan for 100 hours and get earth, spc, Xbow, evoc and armor to 27 ?
 19761 | Lair:2   | Psiweapon: OF COURSE, and die of hunger several times over while I'm at it :P
 19780 | Lair:2   | TomPliss: wait
 19780 | Lair:2   | Psiweapon: ...?
 19780 | Lair:2   | TomPliss: those failure rates were simply with no shield but GDA on ?
 19780 | Lair:2   | Psiweapon: no, with a shield and no GDA
 19780 | Lair:2   | Psiweapon: but shield + crossbow = poop
 19780 | Lair:2   | TomPliss: yeah :/
 19805 | Lair:2   | TomPliss: ah :/
 19805 | Lair:2   | Psiweapon: THESE are the failure rates with GDA :PPPP
 19805 | Lair:2   | TomPliss: nice column
 19805 | Lair:2   | Psiweapon: straight 100% of course given I have only 10 armor skill, and NO spellcasting or school skills so far
 19805 | Lair:2   | Psiweapon: oh, and not even the 27 strength required for the GDA
 19805 | Lair:2   | TomPliss: err ... no stone arrow ? no iron shot ?
 19805 | Lair:2   | Psiweapon: yeah, the GDA isn't optimal for this character right now, but the resistances are nice
 19805 | Lair:2   | Psiweapon: I can say goodbye to eating poisonous monsters if I don't wear the GDA
 19805 | Lair:2   | TomPliss: (the strength is not really required, now thet the armor penalty doesn't disapear after 27 str)
 19805 | Lair:2   | Psiweapon: it sure helps, I've been at -1 evasion wearing it
 19805 | Lair:2   | TomPliss: I mean : before, going from 26 to 27 was useful, now, not that much
 19805 | Lair:2   | Psiweapon: ok right
 19805 | Lair:2   | Psiweapon: but I'm at 21 or somesuch :P
 19805 | Lair:2   | Psiweapon: okay I'm gonna try this
 19805 | Lair:2   | TomPliss: bad thing with your books : no no-air conjuration, except for the 3 schools Magma :/
 19834 | Lair:2   | Psiweapon: LRD
 19834 | Lair:2   | Psiweapon: damaging, single school
 19834 | Lair:2   | TomPliss: need wall/petri/statue
 19834 | Lair:2   | Psiweapon: there are walls everywhere
 19834 | Lair:2   | Psiweapon: also, crossbow.
 19837 | Lair:2   | TomPliss: and noise
 19837 | Lair:2   | Psiweapon: fuck noise
 19837 | Lair:2   | TomPliss: and bad against single target
 19837 | Lair:2   | TomPliss: you don't want to use LRD in pan.
 19837 | Lair:2   | TomPliss: that kileld my last really good Formicid
 19837 | Lair:2   | Psiweapon: I'm not going to Pan :_D
 19837 | Lair:2   | Psiweapon: ffs I'm still lvl 13 (being a hippie hits your experience gain, that's true)
 19837 | Lair:2   | Psiweapon: I couldn't even handle Abyss
 19838 | Lair:2   | TomPliss: well, you could, with enough luck to only spawn sheeps :D
 19841 | Lair:2   | Learned a level 2 spell: Blink
 19847 | Lair:2   | Learned a level 5 spell: Lee's Rapid Deconstruction
 19847 | Lair:2   | TomPliss: petri ?
 19847 | Lair:2   | Psiweapon: yes, will help training up to statue form
 19852 | Lair:2   | Learned a level 4 spell: Petrify
 19854 | Lair:2   | Learned a level 1 spell: Sandblast
 19854 | Lair:2   | TomPliss: you didn't keep you stone stock ?
 19854 | Lair:2   | Psiweapon: uh oh learned them in a weird order
 19854 | Lair:2   | TomPliss: sor boosted sandbl
 19854 | Lair:2   | Psiweapon: yes they are around somewhere, they're useful against jellies too
 19854 | Lair:2   | TomPliss: now, you should suicide, and begin the same character again
 19854 | Lair:2   | Psiweapon: gtfo XDDDDDDDD
 19854 | Lair:2   | TomPliss: :/
 19854 | Lair:2   | TomPliss: ok, am gonna go play by myself :p
 19854 | Lair:2   | Psiweapon: it's not like I lost anything
 19854 | Lair:2   | Psiweapon: except 12 spell levels that were going by unused
 19854 | Lair:2   | TomPliss: and a potino of bril
 19854 | Lair:2   | TomPliss: well, anyway ...
 19854 | Lair:2   | TomPliss: see ya
 19854 | Lair:2   | Psiweapon: that would have gone unused anyways
 19854 | Lair:2   | Psiweapon: see ya
 19854 | Lair:2   | TomPliss: blast all the baddies ! :D
 20164 | Lair:8   | Reached skill level 1 in Crossbows
 20196 | Lair:8   | Reached skill level 1 in Spellcasting
 20238 | Lair:8   | Reached skill level 1 in Earth Magic
 21013 | D:11     | Found Zooraore's Gadget Boutique.
 21129 | D:11     | Got a steaming iron ring
 21130 | D:11     | Identified the ring "Jeosm" {rPois Dex+2 Int+3} (You found it on level 11 of the Dungeon)
 21168 | D:11     | Noticed Grum
 21219 | D:11     | Killed Grum
 21518 | D:11     | Reached skill level 15 in Invocations
 21836 | D:11     | Upgraded the game from 0.14-a0-1403-g5d3c58f to 0.14-a0-1413-g94b8a5e
 22019 | Lair:2   | Lost mutation: You are frail (-10% HP). [potion of cure mutation]
 22019 | Lair:2   | Lost mutation: Armour fits poorly on your strangely shaped body. [potion of cure mutation]
 22019 | Lair:2   | Lost mutation: You evolve. [potion of cure mutation]
 22019 | Lair:2   | Lost mutation: You are partially covered in iridescent scales (AC +4). [potion of cure mutation]
 22019 | Lair:2   | Lost mutation: You are covered in fur (AC +1). [potion of cure mutation]
 22123 | Orc:1    | Entered Level 1 of the Orcish Mines
 22123 | Orc:1    | Found Woqoze's General Store.
 22123 | Orc:1    | Found Xitoym's Assorted Antiques.
 22176 | Orc:1    | Bought a scroll labeled WUROUD FRAO for 26 gold pieces
 22309 | Orc:1    | Reached skill level 1 in Evocations
 22488 | Orc:2    | Noticed Eustachio
 22489 | Orc:2    | Pacified Eustachio
 22561 | Orc:2    | Noticed an orc warlord
 22866 | Orc:1    | Found a roughly hewn altar of Beogh.
 23334 | Orc:3    | Found a staircase to the Elven Halls.
 23672 | Orc:2    | Killed an orc warlord
 24054 | Orc:4    | Entered Level 4 of the Orcish Mines
 24310 | Orc:4    | Found a roughly hewn altar of Beogh.
 24474 | Orc:4    | Found Skul Ama's General Store.
 24532 | Orc:4    | Found Curoacs' General Store.
 24783 | Orc:4    | Reached skill level 5 in Evocations
 24878 | Orc:4    | Found Heppan's Book Boutique.
 24937 | Orc:4    | Found Ghoxa's Weapon Shop.
 24991 | Orc:4    | Bought a scroll of recharging for 88 gold pieces
 25012 | Orc:4    | Bought a bread ration for 68 gold pieces
 25012 | Orc:4    | Bought a meat ration for 68 gold pieces
 25012 | Orc:4    | Bought a potion of mutation for 51 gold pieces
 25018 | Orc:4    | Bought a bread ration for 64 gold pieces
 25018 | Orc:4    | Bought a choko for 6 gold pieces
 25027 | Orc:4    | Found Gasex's Armour Emporium.
 25376 | Orc:4    | Noticed Sonja
 25380 | Orc:4    | Killed Sonja
 25469 | Orc:1    | Bought a scroll of identify for 52 gold pieces
 25469 | Orc:1    | Bought a potion of curing for 52 gold pieces
 25476 | Orc:1    | Bought a scroll of acquirement for 520 gold pieces
 25745 | Snake:1  | Entered Level 1 of the Snake Pit
 25768 | Snake:1  | Found a burning altar of Makhleb.
 26023 | Snake:1  | Noticed Fannar
 26061 | Snake:1  | Killed Fannar
 26687 | Snake:1  | Noticed Erica
 26715 | Snake:1  | Killed Erica
 27065 | Snake:2  | Noticed Agnes
 27068 | Snake:2  | Pacified Agnes
 27068 | Snake:2  | Gained mutation: You resist negative energy. [level up]
 27068 | Snake:2  | Reached XP level 14. HP: 81/136 MP: 29/29
 27666 | Snake:2  | Reached skill level 16 in Invocations
 28122 | Snake:2  | Noticed Lamia
 28135 | Snake:2  | Elyvilon protects you from harm!
 28145 | Snake:2  | Killed Lamia
 28399 | Snake:3  | Found Prontof's Antique Armour Shoppe.
 29844 | Snake:4  | Noticed Saint Roka
 30328 | D:12     | Noticed Maurice
 30343 | D:12     | Killed Maurice
 30461 | D:12     | Identified a +8 rod of destruction (14/14) (You acquired it on level 12 of the Dungeon)
 32229 | D:14     | Noticed Josephine
 32234 | D:14     | Killed Josephine
 32411 | D:14     | Noticed Harold
 32414 | D:14     | Pacified Harold
 32427 | D:14     | Killed Harold
 32525 | D:14     | Paralysed by a wizard for 3 turns
 32984 | Snake:4  | Noticed Mara
 32993 | Snake:4  | Noticed Psiweapon's illusion
 32994 | Snake:4  | Noticed Mara
 32994 | Snake:4  | Noticed Mara
 32998 | Snake:3  | Noticed Psiweapon's illusion
 33238 | Lair:2   | Upgraded the game from 0.14-a0-1413-g94b8a5e to 0.14-a0-1444-g21dc12d
 33530 | D:14     | Reached XP level 15. HP: 80/146 MP: 28/28
 33559 | D:14     | Found a gate to the Vaults.
 33629 | D:14     | Found a flagged portal.
 33658 | Bailey   | Entered a bailey
 33703 | Bailey   | Reached skill level 10 in Evocations
 33791 | Bailey   | Got an encrusted great mace
 33845 | D:14     | Noticed Urug
 33846 | D:14     | Pacified Urug
 34026 | D:14     | HP: 4/146 [enormous slime creature (15)]
 34039 | D:14     | Demolished by an enormous slime creature

Action                   |  1- 3 |  4- 6 |  7- 9 | 10-12 | 13-15 || total
-------------------------+-------+-------+-------+-------+-------++-------
Melee: Unarmed           |    39 |       |       |       |       ||    39
       Mace              |    24 |       |       |       |       ||    24
       Dagger            |    54 |   128 |   195 |   340 |    52 ||   769
       Staff             |       |     3 |       |       |       ||     3
       Whip              |       |     1 |       |       |       ||     1
       Hand axe          |       |       |    61 |       |       ||    61
       Great mace        |       |       |    41 |    97 |       ||   138
       Short sword       |       |       |       |   581 |  1176 ||  1757
       Rod               |       |       |       |       |     8 ||     8
 Fire: Sling             |       |    34 |    57 |   108 |   222 ||   421
       Crossbow          |       |       |       |       |    16 ||    16
Throw: Stone             |     1 |     1 |       |     2 |     1 ||     5
Invok: Lesser Healing    |    37 |    66 |    99 |   284 |   335 ||   821
       Lesser Self-Heali |     5 |    22 |    15 |    10 |     3 ||    55
       Purification      |       |       |     2 |     2 |    15 ||    19
       Greater Self-Heal |       |       |     5 |    35 |    57 ||    97
       Greater Healing   |       |       |     3 |    48 |    90 ||   141
       Divine Protection |       |       |       |     1 |       ||     1
 Abil: Device Recharging |       |       |     1 |       |     4 ||     5
Evoke: Wand              |       |     7 |    28 |    11 |   101 ||   147
       phial of floods   |       |       |       |     1 |       ||     1
       lamp of fire      |       |       |       |       |     3 ||     3
       Rod               |       |       |       |       |    22 ||    22
       stone of tremors  |       |       |       |       |     1 ||     1
  Use: Scroll            |       |     7 |    15 |    24 |    28 ||    74
       Potion            |       |       |       |     2 |     7 ||     9
 Stab: Confused          |       |       |     2 |       |       ||     2
       Invisible         |       |       |       |       |     2 ||     2
       Paralysed         |       |       |       |       |    10 ||    10
